 Dungeon Crawl Stone Soup version 0.31-a0-934-gf4fcaacff8 (webtiles) character file.

Game seed: 8001832880863757661

103 BinkBink the Chopper (level 4, -3/41 HPs)
             Began as a Minotaur Monk on Oct 20, 2023.
             Slain by Grinder (8 damage)
             ... while paralysed by Grinder
             ... on level 3 of the Dungeon.
             The game lasted 00:01:40 (1674 turns).

BinkBink the Chopper (Minotaur Monk)                Turns: 1674, Time: 00:01:41

Health: -3/41      AC:  2    Str: 18    XL:     4   Next: 51%
Magic:  3/3        EV:  2    Int:  7    God:
Gold:   138        SH:  0    Dex: 12    Spells: 3/3 levels left

rFire   . . .        a - +0 hand axe
rCold   . . .        d - orb {light}
rNeg    . . .        b - +0 robe
rPois   .            (helmet restricted)
rElec   .            (no cloak)
rCorr   .            (no gloves)
SInv    .            (no boots)
Will    .....        (no amulet)
Stlth   +            (no ring)
HPRegen 0.26/turn    (no ring)
MPRegen 0.08/turn

%: no passive effects
@: paralysed, glowing
A: horns 2, retaliatory headbutt
a: no special abilities


You were on level 3 of the Dungeon.
You visited 1 branch of the dungeon, and saw 3 of its levels.

You collected 138 gold pieces.

Inventory:

Hand Weapons
 a - a +0 hand axe (weapon)
Armour
 b - a +0 robe (worn)
 d - an orb of light (worn)
Jewellery
 l - an amulet of the acrobat
Wands
 n - a wand of charming (5)
Scrolls
 e - 4 scrolls of teleportation
 f - a scroll of fog
 m - a scroll of identify {unknown}
Potions
 c - a potion of ambrosia
 g - a potion of magic {unknown}
 h - a potion of degeneration {unknown}
 i - a potion of attraction {unknown}
 j - 3 potions of curing {unknown}
 k - a potion of enlightenment {unknown}


   Skills:
 + Level 4.3 Fighting
 * Level 5.0 Axes
 + Level 2.0 Armour
 + Level 3.9 Dodging


You had 3 spell levels left.
You didn't know any spells.
Your spell library contained the following spells:

 Spells                   Type           Power      Damage    Failure   Level
 Kiss of Death            Conj/Necr      0%         2d5       43%         1
 Confusing Touch          Hex            0%         N/A       80%         3
 Dispel Undead            Necr           0%         3d6       99%         4


Dungeon Overview and Level Annotations

Branches:
Dungeon (3/15)

Altars:

Annotations:
D:3 Grinder


Innate Abilities, Weirdness & Mutations

You have a pair of horns on your head.
You reflexively headbutt those who attack you in melee.


Message History

No target in view!
No target in view!
HP restored.
You see here a giant cockroach corpse.
n - a wand of charming (5) Grinder comes into view.
Grinder shouts!
A quokka comes into view.
Found 7 stones.
Found a stone staircase leading up.
Grinder gestures at you. Pain shoots through your body!
You barely miss Grinder. You barely miss the quokka. The quokka bites you.
Grinder hits you.
You hit Grinder.
Grinder is lightly wounded.
You hit the quokka. The quokka bites you.
Grinder blinks!
You hit the quokka.
You kill the quokka!
Grinder barely misses you.
You hit Grinder.
Grinder is moderately wounded.
Grinder hits you!
You writhe in agony.
You are too injured to fight recklessly!
You are too injured to fight recklessly!
You are too injured to fight recklessly!
You hit Grinder but do no damage.
Grinder is moderately wounded.
Grinder barely misses you.
You hit Grinder. Your headbutt misses Grinder.
Grinder is moderately wounded.
Grinder gestures at you.
You suddenly lose the ability to move!
Grinder hits you.
You writhe in agony.
Grinder hits you!
* * * LOW HITPOINT WARNING * * *
You writhe in agony.
* * * LOW HITPOINT WARNING * * *
Grinder hits you!
You die...
Grinder says, "Now the real fun starts!"

#. ##+## ###...# ##...##
#.. .. ##.....####.# .# .
##>......##..##.## .
..####.........#..#...##..
........[......'..........
......†^..).†..##.......#.
##...@5...###..<......
#.#.....## #.#...#.##
#<##...## #.##### # #.
##+## #.# #. #.. #. ### (.
##


You could see Grinder.

Vanquished Creatures
  Terence (D:3)
  3 adders (D:2)
  A worm (D:2)
  2 dart slugs (D:1)
  4 bats
  3 endoplasms
  3 giant cockroaches
  A goblin (D:2)
  2 hobgoblins
  7 kobolds
  4 quokkas
  9 ball pythons
  A frilled lizard (D:2)
  5 rats (D:1)
46 creatures vanquished.

Notes
Turn   | Place    | Note
-------+----------+-------------------------------------------
     0 | D:1      | BinkBink the Minotaur Monk began the quest for the Orb.
     0 | D:1      | Reached XP level 1. HP: 19/19 MP: 0/0
   251 | D:1      | Reached skill level 4 in Axes
   251 | D:1      | Reached XP level 2. HP: 23/27 MP: 1/1
   441 | D:1      | Reached skill level 1 in Armour
   838 | D:2      | Reached XP level 3. HP: 33/33 MP: 2/2
  1448 | D:2      | Reached XP level 4. HP: 40/40 MP: 3/3
  1628 | D:3      | Noticed Terence
  1634 | D:3      | Killed Terence
  1635 | D:3      | Reached skill level 5 in Axes
  1660 | D:3      | Noticed Grinder
  1671 | D:3      | Paralysed by Grinder for 5 turns
  1674 | D:3      | Slain by Grinder

Illustrated notes

Levels and vault maps discovered:
D:1:      beargit_arrival_diablo_church, layout_basic, minmay_split_cup_large
D:2:      layout_loops_cross
D:3:      layout_loops_corners, uniq_terence, uniq_grinder

Skill      XL: |  1  2  3  4 |
---------------+-------------+-----
Axes           | 4 5 |  5.0
Armour         | 1 2 |  2.0
Fighting       | 4 |  4.3
Dodging        | |  3.9

Action                     |  1- 3 |  4- 6 || total
---------------------------+-------+-------++-------
  Melee: Hand axe          |    77 |    11 ||    88
         Headbutt          |    16 |     2 ||    18
    Use: Scroll            |     2 |       ||     2
 Armour: Robe              |    28 |     9 ||    37
  Dodge: Dodged            |    45 |     4 ||    49

Table legend: (Time is in decaauts)
 A = Elapsed time spent in this place.
 B = Non-inter-level travel time spent in this place.
 C = Inter-level travel time spent in this place.
 D = Time resting spent in this place.
 E = Time spent auto-exploring this place.
 F = Levels seen in this place.
 G = Mean time per level.
                   A        B        C        D        E       F      G
               +--------+--------+--------+--------+--------+-----+--------+
         Total |   1681 |   1630 |     51 |    103 |   1287 |   3 |  560.3 |
       Dungeon |   1681 |   1630 |     51 |    103 |   1287 |   3 |  560.3 |
               +--------+--------+--------+--------+--------+-----+--------+

Top non-repeatable levels by time:
     D:1: 833 daAuts
     D:2: 791 daAuts
     D:3: 56 daAuts
